 Dungeon Crawl Stone Soup version 0.25.1-2-g60ff931df9 (webtiles) character file.

Game seed: 18312527845573601330

2746 GeoCrane the Cleaver (level 9, -1/70 HPs)
             Began as a Minotaur Fighter on Aug 16, 2020.
             Was a Follower of Trog.
             Slain by a porcupine (8 damage)
             ... on level 8 of the Dungeon on Aug 17, 2020.
             The game lasted 00:58:34 (8297 turns).

GeoCrane the Cleaver (Minotaur Fighter)             Turns: 8297, Time: 00:58:34

Health: -1/70      AC:  6    Str: 20    XL:     9   Next: 41%
Magic:  8/8        EV:  5    Int:  5    God:    Trog [*.....]
Gold:   497        SH: 14    Dex: 14    Spells: 8/8 levels left

rFire    . . .     SeeInvis .   a - +0 war axe
rCold    . . .     Gourm    .   u - +0 tower shield
rNeg     . . .     Faith    .   b - +0 scale mail
rPois    .         Spirit   .   (helmet restricted)
rElec    .         Reflect  .   o - scarf {harm}
rCorr    .         Harm     +   (no gloves)
MR       .....                  (no boots)
Stlth    ..........             (no amulet)
HPRegen  0.21/turn              (no ring)
MPRegen  0.11/turn              (no ring)

@: lethally poisoned (-1 -> -2)
A: retaliatory headbutt, horns 2
a: Berserk, Renounce Religion


You were on level 8 of the Dungeon.
You worshipped Trog.
Trog was aware of your devotion.
You were not hungry.

You visited 2 branches of the dungeon, and saw 9 of its levels.

You collected 497 gold pieces.

Inventory:

Hand Weapons
 a - a +0 war axe (weapon)
 m - a cursed +0 dagger
 D - a cursed +4 long sword
 F - a +5 long sword
Missiles
 y - 18 poisoned darts (quivered)
 z - 3 atropa-tipped darts
Armour
 b - a +0 scale mail (worn)
 c - a +0 kite shield
 o - a scarf of harm (worn)
 u - a +0 tower shield (worn)
Wands
 g - a wand of random effects (18)
 w - a wand of acid (7)
Scrolls
 e - 8 scrolls of identify
 i - 4 scrolls of remove curse {unknown}
 j - 2 scrolls of enchant weapon {unknown}
 k - a scroll of magic mapping {unknown}
 p - a scroll of fear {unknown}
 q - a scroll of amnesia {unknown}
 s - 2 scrolls of teleportation {unknown}
 v - a scroll of fog {unknown}
 x - a scroll of blinking {unknown}
 B - a scroll of brand weapon {unknown}
 C - a scroll of enchant armour {unknown}
Potions
 d - a potion of might
 h - a potion of degeneration {unknown}
 l - a potion of ambrosia {unknown}
 n - 3 potions of mutation {unknown}
 r - 2 potions of lignification {unknown}
 t - 2 potions of heal wounds {unknown}
 A - 2 potions of magic {unknown}
Comestibles
 f - 9 rations


   Skills:
 - Level 3.6 Fighting
 * Level 14.8 Axes
 - Level 3.6 Armour
 - Level 3.6 Shields


You had 8 spell levels left.
You didn't know any spells.
Your spell library was empty.

Dungeon Overview and Level Annotations

Branches:
Dungeon (8/15)             Temple (1/1) D:6            Lair (0/6) D:8

Altars:
Cheibriados
Dithmenos
Elyvilon
Fedhas
Gozag
Hepliaklqana
Kikubaaqudgha
Makhleb
Nemelex Xobeh
Okawaru
Qazlal
Ru
Sif Muna
Trog
Vehumet
Wu Jian
Xom
Yredelemnul
Zin
The Shining One


Innate Abilities, Weirdness & Mutations

You reflexively headbutt those who attack you in melee.
You have a pair of horns on your head.


Message History

* * * LOW HITPOINT WARNING * * *
You block the black bear's attack. x2
You completely miss the black bear. You headbutt the black bear!
The black bear is almost dead.
You block the black bear's attack. x2; The black bear claws you.
* * * LOW HITPOINT WARNING * * *
You hit the black bear but do no damage.
You headbutt the black bear.
You kill the black bear!
Trog accepts your kill.
You feel sick.
You are struck by the porcupine's spines.
* * * LOW HITPOINT WARNING * * *
You closely miss the porcupine. You block the porcupine's attack.
You are struck by the porcupine's spines.
* * * LOW HITPOINT WARNING * * *
You hit the porcupine.
The porcupine is moderately wounded.
You block the porcupine's attack. The porcupine bites you!
You die...

### ######### +.# #########
........## #.## ######........
.........# ##..###...P.P.P.....
.......(.####.(.@r(.(...........
................##$(.....P..PPP.
..........#######.P...(.PP..PP..
###########


#P.$PPP†PP.PPPP. #....PPP.P..PPPP.P . #...PPP.P.PPP...PP . ......PP.P.PP.P.PPP .
.....P.P.PP.>PPP.PP ....P.P.PP.PPP[Ph..$ You could see a porcupine.

Vanquished Creatures
  A hippogriff (D:7)
  A hungry ghost (D:8)
  A water moccasin (D:8)
  2 black bears (D:8)
  A phantom (D:6)
  2 ogres
  A crocodile (D:8)
  3 centaurs
  4 bullfrogs
  4 wights (D:7)
  2 howler monkeys
  5 crimson imps
  3 quasits
  An orc priest (D:5)
  A gnoll shaman (D:3)
  4 hounds
  2 orc wizards (D:5)
  A bullfrog skeleton (D:5)
  2 iguanas
  8 worker ants
  A hound skeleton (D:7)
  7 gnolls
  11 adders
  3 shadow imps
  2 oozes (D:3)
  An adder skeleton (D:6)
  7 worms
  3 dart slugs
  4 leopard geckos
  13 orcs
  2 ball pythons
  5 giant cockroaches
  9 goblins
  6 hobgoblins
  13 jackals
  3 quokkas
  9 bats
  3 frilled lizards
  4 kobolds
  8 rats
  2 fungi (D:8)
165 creatures vanquished.

Vanquished Creatures (others)
  5 fungi (D:8)
  A plant (D:8)
6 creatures vanquished.

Grand Total: 171 creatures vanquished

Notes
Turn   | Place    | Note
-------+----------+-------------------------------------------
     0 | D:1      | GeoCrane the Minotaur Fighter began the quest for the Orb.
     0 | D:1      | Reached XP level 1. HP: 19/19 MP: 0/0
   137 | D:1      | Reached skill level 3 in Axes
   371 | D:1      | Reached XP level 2. HP: 26/26 MP: 1/1
   724 | D:1      | Reached skill level 4 in Axes
  1184 | D:1      | Reached XP level 3. HP: 31/31 MP: 2/2
  1226 | D:2      | Reached skill level 5 in Axes
  1456 | D:2      | Reached XP level 4. HP: 39/39 MP: 3/3
  1461 | D:2      | Found a sacrificial altar of Ru.
  2347 | D:2      | Reached skill level 6 in Axes
  2562 | D:3      | Reached XP level 5. HP: 33/45 MP: 4/4
  2890 | D:3      | Reached skill level 7 in Axes
  3198 | D:3      | Found a sparkling altar of Nemelex Xobeh.
  3232 | D:3      | Noticed a centaur
  3266 | D:3      | Killed a centaur
  3266 | D:3      | Reached XP level 6. HP: 12/51 MP: 5/5
  3518 | D:3      | Reached skill level 8 in Axes
  4788 | D:5      | Entered Level 5 of the Dungeon
  5042 | D:5      | Reached skill level 9 in Axes
  5097 | D:5      | Reached XP level 7. HP: 41/57 MP: 6/6
  5618 | D:5      | Found a blossoming altar of Fedhas.
  5642 | D:5      | Reached skill level 10 in Axes
  6149 | D:6      | Reached skill level 11 in Axes
  6219 | D:6      | Reached XP level 8. HP: 55/64 MP: 7/7
  6433 | D:6      | Found a staircase to the Ecumenical Temple.
  6447 | Temple   | Entered the Ecumenical Temple
  6522 | Temple   | Became a worshipper of Trog the Wrathful
  7119 | D:7      | Reached skill level 12 in Axes
  7188 | D:7      | Noticed a hippogriff
  7200 | D:7      | Killed a hippogriff
  7200 | D:7      | Reached skill level 13 in Axes
  7662 | D:7      | Reached XP level 9. HP: 60/70 MP: 8/8
  8033 | D:8      | Reached * piety under Trog
  8178 | D:8      | Found a staircase to the Lair.
  8188 | D:8      | Reached skill level 14 in Axes
  8297 | D:8      | Slain by a porcupine

Illustrated notes

Levels and vault maps discovered:
D:1:      minmay_arrival_doors, layout_loops_corners, serial_co_window_serial,
          co_window_corner_a, co_window_corner_a, co_window_corner_a,
          co_window_corner_a, co_window_paths_a, co_window_paths_a,
          co_window_of_opportunity_a, co_window_2corner,
          co_window_unsneaky_path_e, co_window_corner_b, co_window_broadway_b,
          co_window_of_opportunity_c, glass_columns_a, minmay_statues_item
D:2:      layout_loops_ring, nicolae_ru_sacrificial_ziggurat, first_ration,
          minmay_hedge_maze, solitary_fountain
D:3:      layout_basic, nemelex_xobeh_ov_fountains_minmay
D:4:      layout_loops_ring
D:5:      layout_cave_pods, corexii_item_surrounded_by_moat, fedhas_altar_1
D:6:      layout_cave_pools, minmay_temple_entry_poolview,
          hangedman_decor_clover_reticule
D:7:      layout_loops_ring
D:8:      lemuel_ice_spiral_2, layout_basic, gammafunk_temple_overflow_statue,
          due_lair_maze_entry_diamond, basic_altar, blue_anna_alchemist
          [blue_anna_fruit_fields, blue_anna_fruit_fields]
Temple:   eino_narrow_crystal_temple

Skill      XL: |  1  2  3  4  5  6  7  8  9 |
---------------+----------------------------+-----
Axes           | 3 4 5 6 7 9 11 13 14 | 14.8
Fighting       | |  3.6
Armour         | |  3.6
Shields        | |  3.6

Action                   |  1- 3 |  4- 6 |  7- 9 || total
-------------------------+-------+-------+-------++-------
Melee: War axe           |    65 |   182 |   234 ||   481
       Headbutt          |    12 |    31 |    52 ||    95
Throw: Dart              |       |       |    51 ||    51
  Use: Scroll            |       |       |     1 ||     1
 Stab: Distracted        |     1 |       |       ||     1
  Eat: Chunk             |     2 |    11 |    10 ||    23
       Ration            |       |       |     1 ||     1
Armor: Scale mail        |    26 |    61 |    60 ||   147
Dodge: Dodged            |    18 |    57 |    56 ||   131
Block: Kite shield       |    35 |    91 |    79 ||   205
       Tower shield      |       |       |    38 ||    38
